 Dungeon Sprint DCSS version 0.26-a0-660-gc07710193c (webtiles) character file.

Game seed: 17796998035254772278

7032 mhtbhm the Earth Mage (level 11, 0/56 HPs)
             Began as a Gargoyle Earth Elementalist on Oct 7, 2020.
             Was the Champion of Vehumet.
             Killed from afar by a lindwurm (33 damage)
             ... with a blast of flame
             ... in the Dungeon (Sprint III: "The Ten Rune Challenge").
             The game lasted 00:08:02 (2299 turns).

mhtbhm the Earth Mage (Gargoyle Earth Elementalist) Turns: 2299, Time: 00:08:03

Health: 0/56       AC: 11    Str: 10 (11) XL:     11   Next: 8%
Magic:  12/30      EV: 13    Int: 20      God:    Vehumet [******]
Gold:   36         SH:  0    Dex: 10      Spells: 26/41 levels left

rFire    . . .     SeeInvis .   a - +4 quarterstaff (chaos)
rCold    . . .     Faith    .   (shield currently unavailable)
rNeg     + . .     Spirit   .   c - +0 robe
rPois    ∞         Reflect  .   (helmet restricted)
rElec    +         Harm     .   p - +0 cloak
rCorr    .         Rampage  .   (no gloves)
MR       +....     NoTele   +   (no boots)
Stlth    ++........             (no amulet)
HPRegen  0.18/turn              (no ring)
MPRegen  0.22/turn              (no ring)

@: no status effects
A: beak, talons 1, deterioration 1, magic resistance 1, negative energy
resistance 1, electricity resistance, unbreathing, petrification resistance, no
potion heal 1, rot immunity, AC +8
a: Renounce Religion


You were in the Dungeon.
You worshipped Vehumet.
Vehumet was exalted by your worship.
You visited 1 branch You collected 36 gold pieces.

Inventory:

Hand Weapons
 a - a +4 quarterstaff of chaos (weapon)
Missiles
 b - 4 stones (quivered)
Armour
 c - a +0 robe (worn)
 p - a +0 cloak (worn)
Wands
 o - a wand of polymorph (10)
 q - a wand of iceblast (4)
Scrolls
 i - a scroll of blinking
 j - a scroll of torment {unknown}
 k - 4 scrolls of identify
 l - 2 scrolls of remove curse {unknown}
 n - 2 scrolls of immolation {unknown}
Potions
 d - 3 potions of curing
 f - a potion of haste
 g - a potion of magic
 h - 2 potions of berserk rage
 m - 2 potions of flight {unknown}
 r - a potion of might
 t - a potion of degeneration {unknown}
Miscellaneous
 s - a phial of floods


   Skills:
 + Level 1.5 Fighting
 + Level 1.7 Staves
 + Level 4.7 Dodging
 - Level 3.2 Stealth
 + Level 15.5 Spellcasting
 + Level 1.8 Conjurations
 + Level 3.2 Transmutations
 + Level 19.8 Earth Magic
 + Level 1.4 Evocations


You had 26 spell levels left.
You knew the following spells:

 Your Spells              Type           Power        Failure   Level
a - Sandblast             Erth           ######       0%          1
b - Passwall              Tmut/Erth      ######..     1%          2
c - Stone Arrow           Conj/Erth      ######       1%          3
d - Lee's Rapid Deconstr  Erth           #######...   1%          5
e - Petrify               Tmut/Erth      ######..     1%          4

Your spell library contained the following spells:

 Spells                   Type           Power        Failure   Level
 Ozocubu's Refrigeration  Ice            ###.......   80%         6
 Animate Skeleton         Necr           ###...       4%          1
 Apportation              Tloc           ###...       4%          1
 Corona                   Hex            ###....      4%          1
 Summon Small Mammal      Summ           ###.         4%          1
 Confusing Touch          Hex            ###.....     12%         3
 Gell's Gravitas          Tloc           ###.......   12%         3
 Yara's Violent Unravell  Hex/Tmut       ###.......   16%         5
 Metabolic Englaciation   Hex/Ice        ###.......   73%         5


Dungeon Overview and Level Annotations

Branches:
Dungeon (1/1)

Altars:
Cheibriados
Dithmenos
Elyvilon
Fedhas
Gozag
Hepliaklqana
Kikubaaqudgha
Makhleb
Nemelex Xobeh
Okawaru
Qazlal
Ru
Sif Muna
Trog
Uskayaw
Vehumet
Wu Jian
Xom
Yredelemnul
Zin
The Shining One
Beogh
Jiyva
Lugonu


Innate Abilities, Weirdness & Mutations

You are resistant to torment.
Your stone body is resilient. (AC +8)
You are immune to poison.
You resist negative energy. (rN+)
You are resistant to electric shocks. (rElec)
You can survive without breathing.
You are immune to petrification.
You are immune to rotting.
You have a beak for a mouth.
You have sharp toenails.
Your body sometimes deteriorates upon taking damage.
You are resistant to hostile enchantments. (MR+)
Potions are less effective at restoring your health.


Message History

A rock wall.
The wall shatters!
The blast of rock fragments hits the tyrant leech!!
You kill the tyrant leech!
Vehumet accepts your kill.
You feel your power returning.
You feel your strength returning.
You hear a roar!
Unknown command.
Unknown command.
You start resting.
A lindwurm comes into view.
Evoke which item? (* to show all) (? for menu, Esc to quit)
Okay, then.
Your system partially rejects the healing.
You feel much better. The lindwurm breathes flames at you.
The blast of flame hits you!!
Ouch! That really hurt!
You die...

♣.....♣♣♣♣≈≈≈........≈≈≈.
♣.≈≈≈≈'♣♣'♣≈≈≈≈≈≈≈≈≈≈≈≈♣♣
+.....#.≈♣♣♣♣♣♣♣♣♣♣♣♣♣♣♣♣
♣♣♣♣♣♣#..♣♣ ♣ ###'♣
♣♣♣♣.# ♣...## ♣♣.## ♣.@#
♣♣†# ♣.# ..k ####


You could see a lindwurm (catching breath).

Vanquished Creatures
  Erolcha (D)
  A deep elf mage (D)
  2 cane toads (D)
  A rime drake (D)
  A komodo dragon (D)
  3 wandering mushrooms (D)
  A queen bee (D)
  2 tyrant leeches (D)
  3 redbacks (D)
  A shadow (D)
  A spatial vortex (D)
  A swamp drake (D)
  A necrophage (D)
  5 two-headed ogres (D)
  A water elemental (D)
  32 killer bees (D)
  A jelly (D)
  A wizard (D)
  Crazy Yiuf (D)
  Jessica (D)
  A necromancer (D)
  3 humans (D)
  A kobold demonologist (D)
  An ooze (D)
  2 rats (D)
69 creatures vanquished.

Vanquished Creatures (others)
  3 plants (D)
3 creatures vanquished.

Grand Total: 72 creatures vanquished

Notes
Turn   | Place    | Note
-------+----------+-------------------------------------------
     0 | D        | mhtbhm the Gargoyle Earth Elementalist began the quest for
                  | the Orb.
     0 | D        | Reached XP level 1. HP: 10/10 MP: 3/3
     3 | D        | Reached skill level 4 in Earth Magic
    36 | D        | Noticed Jessica
    38 | D        | Killed Jessica
    38 | D        | Reached skill level 6 in Earth Magic
    38 | D        | Reached XP level 2. HP: 15/15 MP: 0/6
    38 | D        | Reached XP level 3. HP: 19/19 MP: 0/7
    80 | D        | Learned a level 2 spell: Passwall
    84 | D        | Learned a level 3 spell: Stone Arrow
   100 | D        | Gained mutation: You are surrounded by a mild repulsion
                  | field. (EV +2) [potion of mutation]
   100 | D        | Gained mutation: Scrolls take you a little longer to read.
                  | [potion of mutation]
   100 | D        | Gained mutation: You are partially covered in yellow
                  | scales. (AC +2) [potion of mutation]
   103 | D        | Lost mutation: Scrolls take you a little longer to read.
                  | [potion of mutation]
   103 | D        | Lost mutation: You are partially covered in yellow scales.
                  | (AC +2) [potion of mutation]
   103 | D        | Gained mutation: Potions are less effective at restoring
                  | your health. [potion of mutation]
   103 | D        | Gained mutation: You are clumsy. (Dex -2) [potion of
                  | mutation]
   103 | D        | Gained mutation: You are robust. (+10% HP) [potion of
                  | mutation]
   103 | D        | Gained mutation: You have a beak for a mouth. [potion of
                  | mutation]
   104 | D        | Lost mutation: You are robust. (+10% HP) [potion of
                  | mutation]
   104 | D        | Lost mutation: You are clumsy. (Dex -2) [potion of
                  | mutation]
   104 | D        | Lost mutation: You are surrounded by a mild repulsion
                  | field. (EV +2) [potion of mutation]
   104 | D        | Gained mutation: Your spells are a little easier to cast,
                  | but a little less powerful. [potion of mutation]
   104 | D        | Lost mutation: Your spells are a little easier to cast, but
                  | a little less powerful. [potion of mutation]
   104 | D        | Gained mutation: Armour fits poorly on your strangely
                  | shaped body. [potion of mutation]
   104 | D        | Gained mutation: Your mind is acute. (Int +2) [potion of
                  | mutation]
   105 | D        | Lost mutation: Armour fits poorly on your strangely shaped
                  | body. [potion of mutation]
   105 | D        | Lost mutation: Your mind is acute. (Int +2) [potion of
                  | mutation]
   105 | D        | Gained mutation: Your body sometimes deteriorates upon
                  | taking damage. [potion of mutation]
   105 | D        | Gained mutation: You are resistant to hostile enchantments.
                  | (MR+) [potion of mutation]
   105 | D        | Gained mutation: You have sharp toenails. [potion of
                  | mutation]
   106 | D        | Noticed Crazy Yiuf
   108 | D        | Killed Crazy Yiuf
   108 | D        | Reached skill level 7 in Earth Magic
   108 | D        | Reached XP level 4. HP: 24/24 MP: 2/9
   187 | D        | Reached skill level 8 in Earth Magic
   282 | D        | Noticed a water elemental
   286 | D        | Killed a water elemental
   286 | D        | Reached skill level 5 in Spellcasting
   286 | D        | Reached skill level 1 in Transmutations
   286 | D        | Reached skill level 9 in Earth Magic
   286 | D        | Reached XP level 5. HP: 21/28 MP: 6/12
   336 | D        | Learned a level 5 spell: Lee's Rapid Deconstruction
   357 | D        | Found a radiant altar of Vehumet.
   357 | D        | Found a shimmering blue altar of Sif Muna.
   357 | D        | Found an ancient bone altar of Kikubaaqudgha.
   360 | D        | Reached skill level 10 in Earth Magic
   371 | D        | Became a worshipper of Vehumet
   377 | D        | Learned a level 4 spell: Petrify
   455 | D        | Found a basalt altar of Yredelemnul.
   455 | D        | Found a shadowy altar of Dithmenos.
   455 | D        | Found a sacrificial altar of Ru.
   455 | D        | Noticed a necrophage
   457 | D        | Killed a necrophage
   457 | D        | Reached skill level 11 in Earth Magic
   457 | D        | Reached XP level 6. HP: 33/33 MP: 3/15
   543 | D        | Found a hide-covered altar of Uskayaw.
   543 | D        | Found a roughly hewn altar of Beogh.
   543 | D        | Found an iron altar of Okawaru.
   543 | D        | Found a bloodstained altar of Trog.
   543 | D        | Found an ornate altar of the Wu Jian Council.
   543 | D        | Noticed a human
   543 | D        | Noticed a human
   546 | D        | Killed a human
   546 | D        | Reached * piety under Vehumet
   546 | D        | Offered knowledge of Magic Dart by Vehumet.
   546 | D        | Reached skill level 12 in Earth Magic
   546 | D        | Killed a human
   546 | D        | Reached skill level 13 in Earth Magic
   546 | D        | Reached XP level 7. HP: 37/37 MP: 3/19
   645 | D        | Found a glowing silver altar of Zin.
   645 | D        | Found a glowing golden altar of the Shining One.
   645 | D        | Found a white marble altar of Elyvilon.
   645 | D        | Noticed a deep elf mage
   649 | D        | Killed a deep elf mage
   649 | D        | Reached skill level 1 in Fighting
   649 | D        | Reached skill level 10 in Spellcasting
   649 | D        | Reached skill level 14 in Earth Magic
   649 | D        | Reached XP level 8. HP: 43/43 MP: 5/22
   743 | D        | Offered knowledge of Foxfire by Vehumet.
   743 | D        | Reached ** piety under Vehumet
   743 | D        | Noticed a shadow
   745 | D        | Killed a shadow
   802 | D        | Found a blossoming altar of Fedhas.
   802 | D        | Found a stormy altar of Qazlal.
   802 | D        | Found a snail-covered altar of Cheibriados.
   802 | D        | Found a burning altar of Makhleb.
   802 | D        | Found a shimmering altar of Xom.
   803 | D        | Found a hazy altar of Hepliaklqana.
   803 | D        | Found an opulent altar of Gozag.
   803 | D        | Found a sparkling altar of Nemelex Xobeh.
   803 | D        | Found a corrupted altar of Lugonu.
   803 | D        | Found a viscous altar of Jiyva.
   871 | D        | Reached skill level 15 in Earth Magic
   871 | D        | Reached *** piety under Vehumet
   897 | D        | Offered knowledge of Searing Ray by Vehumet.
  1048 | D        | Noticed a two-headed ogre
  1069 | D        | Killed a two-headed ogre
  1069 | D        | Reached XP level 9. HP: 47/47 MP: 2/24
  1186 | D        | Noticed Erolcha
  1187 | D        | Noticed a two-headed ogre
  1190 | D        | Killed Erolcha
  1190 | D        | Offered knowledge of Hailstorm by Vehumet.
  1190 | D        | Reached skill level 1 in Staves
  1190 | D        | Reached skill level 16 in Earth Magic
  1190 | D        | Killed a two-headed ogre
  1190 | D        | Reached skill level 17 in Earth Magic
  1194 | D        | Reached **** piety under Vehumet
  1313 | D        | Reached ***** piety under Vehumet
  1313 | D        | Noticed a queen bee
  1314 | D        | Reached XP level 10. HP: 52/52 MP: 16/27
  1316 | D        | Reached skill level 18 in Earth Magic
  1317 | D        | Reached ****** piety under Vehumet
  1528 | D        | Offered knowledge of Fulminant Prism by Vehumet.
  1587 | D        | Reached skill level 1 in Conjurations
  1596 | D        | Reached skill level 19 in Earth Magic
  1596 | D        | Reached skill level 1 in Evocations
  1723 | D        | Noticed a cane toad
  1723 | D        | Noticed a cane toad
  1731 | D        | Killed a cane toad
  1731 | D        | Offered knowledge of Ozocubu's Refrigeration by Vehumet.
  1731 | D        | Killed a cane toad
  1731 | D        | Reached skill level 15 in Spellcasting
  2139 | D        | Reached XP level 11. HP: 56/56 MP: 27/30
  2298 | D        | Noticed a lindwurm
  2299 | D        | Killed from afar by a lindwurm

Illustrated notes

Levels and vault maps discovered:
D:        dungeon_sprint_mu [sprint_mu_entry_forest, sprint_mu_temple_rooms,
          sprint_mu_d1_spiders, sprint_mu_d2_genie, sprint_mu_d3_branching,
          sprint_mu_orc_legion, sprint_mu_elf_gauntlet, sprint_mu_hive_nellie,
          sprint_mu_lair_fedhas, sprint_mu_vaults_butterflies,
          sprint_mu_slime_circle, sprint_mu_shoals_archi,
          sprint_mu_snake_twists, sprint_mu_blade_basic,
          sprint_mu_crypt_fortress, sprint_mu_tomb_spiral,
          sprint_mu_vestibule_basic, sprint_mu_gehenna_hellfire,
          sprint_mu_dis_giant, sprint_mu_tartarus_statrot,
          sprint_mu_cocytus_islands, sprint_mu_zot1]

Skill      XL: |  1  2  3  4  5  6  7  8  9 10 |
---------------+-------------------------------+-----
Earth Magic    | 6 7 9 11 13 14 15 17 19 | 19.8
Dodging        | 2 3 4 |  4.7
Spellcasting   | 3 5 6 8 10 11 13 15 | 15.5
Stealth        | 3 |  3.2
Transmutations | 1 2 3 |  3.2
Fighting       | 1 |  1.5
Staves         | 1 |  1.7
Conjurations   | 1 |  1.8
Evocations     | 1 |  1.4

Action                   |  1- 3 |  4- 6 |  7- 9 | 10-12 || total
-------------------------+-------+-------+-------+-------++-------
Melee: Quarterstaff      |       |     2 |     2 |    13 ||    17
       Kick              |       |       |       |     2 ||     2
 Cast: Sandblast         |     7 |    11 |     4 |     4 ||    26
       Passwall          |     1 |       |       |       ||     1
       Stone Arrow       |       |     2 |     1 |     7 ||    10
       Lee's Rapid Decon |       |     5 |    23 |    28 ||    56
       Petrify           |       |       |     2 |     6 ||     8
Evoke: Wand              |       |       |       |     1 ||     1
       Phial of floods   |       |       |       |     1 ||     1
  Use: Potion            |     4 |       |       |     2 ||     6
Armor: Robe              |       |       |     1 |    21 ||    22
Dodge: Dodged            |       |     6 |     2 |    40 ||    48

Table legend: (Time is in decaauts)
 A = Elapsed time spent in this place.
 B = Non-inter-level travel time spent in this place.
 C = Inter-level travel time spent in this place.
 D = Time resting spent in this place.
 E = Time spent auto-exploring this place.
 F = Levels seen in this place.
 G = Mean time per level.
                   A        B        C        D        E       F      G
               +--------+--------+--------+--------+--------+-----+--------+
         Total |   2316 |   2316 |      0 |   1712 |      1 |   1 | 2316.0 |
       Dungeon |   2316 |   2316 |      0 |   1712 |      1 |   1 | 2316.0 |
               +--------+--------+--------+--------+--------+-----+--------+

Top non-repeatable levels by time:
       D: 2316 daAuts
